 Dungeon Crawl Stone Soup version 0.20.1-1-g8b1a95d (webtiles) character file.

1547 Timinator the Slinger (level 9, -1/58 HPs)
             Began as a Halfling Hunter on Nov 4, 2017.
             Was an Initiate of Okawaru.
             Slain by a bullfrog (6 damage)
             ... on level 7 of the Dungeon.
             The game lasted 00:08:21 (6030 turns).

Timinator the Slinger (Halfling Hunter)             Turns: 6030, Time: 00:08:22

Health: -1/58      AC:  8    Str: 13    XL:     9   Next: 12%
Magic:  9/9        EV: 17    Int:  9    God:    Okawaru [......]
Gold:   334        SH:  4    Dex: 18    Spells: 8/8 levels left

rFire    + . .     SeeInvis .   b - +2 short sword (venom)
rCold    x . .     Gourm    .   (shield restricted)
rNeg     . . .     Faith    .   c - +0 leather armour
rPois    .         Spirit   .   g - +1 helmet
rElec    .         Reflect  +   (no cloak)
rCorr    .         Harm     .   (no gloves)
MR       .....                  (no boots)
Stlth    ++........             i - +4 amulet of reflection
Regen    0.2/turn               m - ring of fire
MPRegen  0.2/turn               k - +3 ring of protection

@: no status effects
A: mutation resistance 1
a: Renounce Religion


You were on level 7 of the Dungeon.
You worshipped Okawaru.
Okawaru was noncommittal.
You were hungry.

You visited 2 branches of the dungeon, and saw 8 of its levels.

You collected 334 gold pieces.

Inventory:

Hand Weapons
 a - a +1 hunting sling
 b - a +2 short sword of venom (weapon)
 z - a +0 long sword of protection
Missiles
 d - 16 sling bullets
 n - 89 stones (quivered)
Armour
 c - a +0 leather armour (worn)
 g - a +1 helmet (worn)
Jewellery
 h - an uncursed ring of magical power
 i - a +4 amulet of reflection (around neck)
 k - a +3 ring of protection (right hand)
 m - a ring of fire (left hand)
 w - a +3 ring of intelligence {unknown}
Wands
 A - a wand of lightning (11/15)
Scrolls
 j - 2 scrolls of remove curse
 r - a scroll of teleportation
 s - 3 scrolls of identify
 v - a scroll of magic mapping {unknown}
 x - a scroll of amnesia
 y - a scroll of blinking
Potions
 e - a potion of brilliance
 o - 9 potions of curing {unknown}
 p - 3 potions of cancellation {unknown}
 q - 2 potions of might
 t - a potion of magic {unknown}
Books
 u - a book of Changes

   Spells                             Type                      Level
   a - Beastly Appendage              Transmutation                1
   b - Sticks to Snakes               Transmutation                2
   c - Spider Form                    Transmutation/Poison         3
   d - Ice Form                       Ice/Transmutation            4
   e - Blade Hands                    Transmutation                5
Comestibles
 f - 3 bread rations
 l - 3 meat rations


   Skills:
 + Level 3.8 Fighting
 * Level 7.0 Short Blades
 * Level 10.0 Slings
 + Level 4.3 Armour
 + Level 4.7 Dodging
 - Level 1.1 Stealth


You had 8 spell levels left.
You didn't know any spells.

Dungeon Overview and Level Annotations

Branches:
Dungeon (7/15)             Temple (1/1) D:7

Altars:
Ashenzari
Cheibriados
Dithmenos
Elyvilon
Fedhas
Gozag
Hepliaklqana
Kikubaaqudgha
Makhleb
Nemelex Xobeh
Okawaru
Qazlal
Ru
Sif Muna
Trog
Uskayaw
Vehumet
Xom
Yredelemnul
Zin
The Shining One

Annotations:
D:3 Timinator's ghost, amateur TrMo


Innate Abilities, Weirdness & Mutations

You are small and have problems with some larger weapons.
You are somewhat resistant to further mutation.


Message History

A hippogriff comes into view.
Found a stone staircase leading up.
Found a potion of might.
A bullfrog comes into view.
Found a scroll of teleportation.
Found a royal jelly.
You are feeling hungry.
The bullfrog croaks.
The bullfrog releases a deep croak.
The bullfrog closely misses you. The bullfrog completely misses you.
Found 19 stones.
You see here a potion of might.
You puncture the bullfrog!
The bullfrog is poisoned.
The bullfrog is moderately wounded.
The bullfrog hits you!
* * * LOW HITPOINT WARNING * * *
You hit the bullfrog.
The bullfrog looks as sick as possible!
The bullfrog is heavily wounded.
The bullfrog hits you.
You die...

## ...# ## #..# #..# .#
. ..#.. ##..## .# #.#
.....####....##.# ..#
...............## #..#
................##..#
#...................#
....%..@....H.......# #
#..#....F..........##.##
#...................#
.........#.............
#........##.......#.....
.....?...##.......# ....
(................... ...
..#........<.....#.# ..
...##....#.# .


You could see a hippogriff and a bullfrog.

Vanquished Creatures
  Edmund (D:6)
  An orc warrior (D:6)
  A sky beast (D:6)
  A black bear (D:6)
  2 bullfrogs (D:6)
  A howler monkey (D:3)
  2 bullfrog zombies (D:6)
  5 crimson imps
  4 hounds
  A bullfrog skeleton (D:6)
  2 orc priests
  A jelly (D:5)
  A centaur skeleton (D:4)
  3 orc wizards
  2 worker ants
  2 iguanas
  A hound zombie (D:6)
  11 gnolls
  6 adders
  A shadow imp (D:5)
  An ooze (D:2)
  An adder skeleton (D:6)
  2 adder zombies (D:5)
  3 dart slugs (D:2)
  2 worms
  A leopard gecko (D:2)
  19 orcs
  2 giant cockroaches
  5 hobgoblins
  6 jackals
  2 quokkas
  2 ball pythons
  7 bats
  3 frilled lizards
  5 goblins
  3 kobolds
  A leopard gecko skeleton (D:5)
  A leopard gecko zombie (D:5)
  A quokka skeleton (D:4)
  5 rats
121 creatures vanquished.

Notes
Turn   | Place    | Note
-------+----------+-------------------------------------------
     0 | D:1      | Timinator the Halfling Hunter began the quest for the Orb.
     0 | D:1      | Reached XP level 1. HP: 14/14 MP: 1/1
   202 | D:1      | Reached XP level 2. HP: 19/19 MP: 2/2
   375 | D:2      | Reached skill level 6 in Slings
   718 | D:2      | Reached XP level 3. HP: 24/24 MP: 3/3
   780 | D:2      | Reached skill level 1 in Short Blades
  1246 | D:2      | Reached XP level 4. HP: 29/29 MP: 4/4
  1408 | D:3      | Reached skill level 7 in Slings
  1419 | D:2      | Reached skill level 1 in Armour
  1496 | D:3      | Reached XP level 5. HP: 32/34 MP: 5/5
  1733 | D:3      | Noticed Timinator's ghost (amateur TrMo)
  2099 | D:3      | Reached XP level 6. HP: 41/41 MP: 6/6
  2193 | D:3      | Found a shadowy altar of Dithmenos.
  2985 | D:4      | Found a glowing golden altar of the Shining One.
  3248 | D:5      | Entered Level 5 of the Dungeon
  3529 | D:5      | Reached XP level 7. HP: 34/45 MP: 7/7
  3754 | D:5      | Reached skill level 8 in Slings
  4497 | D:6      | Noticed Edmund
  4517 | D:6      | Killed Edmund
  4550 | D:6      | Reached skill level 5 in Short Blades
  4598 | D:6      | Reached XP level 8. HP: 41/52 MP: 8/8
  4854 | D:6      | Reached skill level 9 in Slings
  5584 | D:7      | Reached XP level 9. HP: 58/58 MP: 9/9
  5625 | D:7      | Found a staircase to the Ecumenical Temple.
  5635 | Temple   | Entered the Ecumenical Temple
  5655 | Temple   | Became a worshipper of Warmaster Okawaru
  5993 | D:7      | Reached skill level 10 in Slings
  6018 | D:7      | Noticed a hippogriff
  6030 | D:7      | Slain by a bullfrog

Skill      XL: |  1  2  3  4  5  6  7  8  9 |
---------------+----------------------------+-----
Slings         | 6 7 8 9 10 | 10.0
Fighting       | 2 3 |  3.8
Short Blades   | 1 2 3 5 6 7 |  7.0
Dodging        | 3 4 |  4.7
Armour         | 1 2 3 4 |  4.3
Stealth        | |  1.1

Action                   |  1- 3 |  4- 6 |  7- 9 || total
-------------------------+-------+-------+-------++-------
Melee: Short sword       |    70 |   159 |   249 ||   478
 Fire: Hunting sling     |     1 |     7 |    28 ||    36
  Use: Potion            |     4 |       |       ||     4
       Scroll            |     3 |       |     6 ||     9
 Stab: Sleeping          |     2 |     1 |     1 ||     4
  Eat: Chunk             |     1 |     7 |     8 ||    16
Armor: Leather armour    |    23 |    37 |    33 ||    93
Dodge: Dodged            |    54 |   130 |   153 ||   337
Block: Other             |     7 |    31 |    43 ||    81
